cohdb
Replays
Latest Replays
All Replays
Popular Replays
Top Player Replays
Match Explorer
How It Works
Community
CoH3 Stats
Reddit
Sign in to upload your games and track your stats! →
Sign in with Steam
Match 41116468
Unlisted
Match 41116468
Overview
Messages
Build Orders
End
Panzerpioneer Squad
250 Light Carrier
Panzerpioneer Squad
Construct Light Support Kompanie
Combat Half-tracks
MG34 Team
MG34 Team
Fire Support Elements
Pak 38 Mechanized Group
le.IG 18 Support Gun Team
2.5-tonne Medical Truck
Vehicle Survival Package
Construct Panzerarmee Kommand
Panzerpioneer Squad
Panzer III L Medium Tank
Tungsten Core Ammunition
Panzer III L Medium Tank
Selects Armored Support Battlegroup
Selects Superior Fire Drills
Selects Salvage Kits
Emergency Repair Kits
Selects Panzer Storm
Rapid Advance
Selects Panzer Storm
Panzer III L Medium Tank
Selects Flammpanzer III Medium Tank
Selects Battlefield Salvage
Panzer III L Medium Tank
Panzerpioneer Squad
Selects Stuka Dive Bomb
Armored Reserves
Advanced Field Repairs
Advanced Optics
Stuka Dive Bomb
Panzer Storm
Lord Admiral Pickwick
Stug Life
Aprosarmosto
Enceladus
Colonel_Me
BABAJAGA
0
0
Comments
sign in to comment!
No comments posted yet!